 Dungeon Crawl Stone Soup version 0.14-a0-3278-gb24e923 (webtiles) character file.

236 Kae the Chopper (level 5, 0/45 HPs)
             Began as a Hill Orc Fighter on Mar 13, 2014.
             Killed by divine providence
             ... invoked by an orc priest
              (11 damage)
             ... on Level 3 of the Dungeon.
             The game lasted 00:02:27 (1651 turns).

Kae the Chopper (Hill Orc Fighter)                  Turns: 1651, Time: 00:02:27

HP   0/45        AC 10     Str 24      XL: 5   Next: 42%
MP   5/5         EV  6     Int  8      God:
Gold 75          SH 19     Dex 10      Spells:  0 memorised,  4 levels left

rFire  . . .     SeeInvis .     a - +1,+0 war axe
rCold  . . .     Clarity  .     b - +0 scale mail
rNeg   . . .     Conserve .     c - +0 shield
rPois  .         rCorr    .     (no helmet)
rElec  .         rRot     .     (no cloak)
SustAb . .       Spirit   .     r - +2 pair of gloves
rMut   .         Warding  .     (no boots)
Saprov + . .     Stasis   .     (no amulet)
MR     .....                    l - +4 ring of strength
                                u - ring of flight

@: not resistant to hostile enchantments, extremely unstealthy
A: saprovore 1
a: Convert to Beogh, Evoke Flight


You were on level 3 of the Dungeon.
You were not hungry.

You visited 1 branch of the dungeon, and saw 3 of its levels.

You collected 75 gold pieces.

Inventory:

Hand weapons
 a - a +1,+0 war axe (weapon)
Armour
 b - a +0 scale mail (worn)
 c - a +0 shield (worn)
 r - a +2 pair of gloves (worn)
Comestibles
 d - a meat ration
 o - a bread ration
Scrolls
 m - a scroll of remove curse
 p - a scroll of identify
Jewellery
 l - a +4 ring of strength (right hand)
 q - an uncursed ring of protection from cold
 u - a ring of flight (left hand)
Potions
 e - a potion of might
 g - a potion of curing
 h - a potion of cure mutation {unknown}
 i - 3 potions of heal wounds
 k - 2 potions of degeneration {unknown}


   Skills:
 - Level 3.6 Fighting
 + Level 7.2 Axes
 - Level 3.2 Armour
 - Level 3.2 Shields


You had 4 spell levels left.
You didn't know any spells.

Dungeon Overview and Level Annotations

Branches:
Dungeon (3/15)

Altars:
Elyvilon
Yredelemnul


Innate Abilities, Weirdness & Mutations

You can tolerate rotten meat.


Message History

You block the stone.
Your shield and scale mail prevent you from hitting the orc.
You block the orc's attack.
The goblin shoots a stone.
The stone misses you. The orc hits you but does no damage.
You slash the orc!
You kill the orc!
The goblin shoots a stone.
The stone hits you!
The orc priest calls down the wrath of Beogh upon you.
Something smites you!
The goblin shoots a stone.
The stone misses you.
Unknown command.
You barely miss the kobold. You block the kobold's attack.
The goblin shoots a stone.
The stone hits you!
* * * LOW HITPOINT WARNING * * *
The kobold hits you.
* * * LOW HITPOINT WARNING * * *
You closely miss the kobold.
The goblin shoots a stone.
You block the stone.
The orc priest invokes the aid of Beogh against you.
Something smites you!
You die...

.#.....#.#,,,,,,,.**,,,,,,,,,,***
#####.##.##,* *##.#*,,,..S,,,,***
#...###...###...#.##,,,.....,,*,,
..8....._)....8....,,,,.....,,,,,
#...###.)[###...#.#** *#.#.#***,,
#####*##.########.# #o#.# * , ,,,
,,,#.#........######.#.####..
*,,,,*##%###.............gr...#..
,,,,,,#...#..(..@...)g...........
*,,,,*#.8.#####K######.#(#$......
******#...#####o######.........##
* ##.##........o.og#.#.....#* *
#..#####o.o..##......####,
**#######.#####.....##.#.#.#####.
,................................
,).......)).........##.#.#.######
*###..........#.....##.#.#.#####


You could see an orc priest, an orc, a goblin and a kobold.

Vanquished Creatures
  An orc wizard (D:3)
  A gnoll (D:3)
  4 adders
  2 giant mites (D:3)
  A worm (D:3)
  2 giant geckos (D:2)
  An ooze (D:1)
  5 orcs (D:3)
  A ball python (D:3)
  9 bats
  3 hobgoblins
  5 jackals (D:1)
  6 kobolds
  2 giant cockroaches
  2 giant newts
  11 goblins
  A quokka (D:3)
  7 rats
64 creatures vanquished.

Notes
Turn   | Place    | Note
--------------------------------------------------------------
     0 | D:1      | Kae, the Hill Orc Fighter, began the quest for the Orb.
     0 | D:1      | Reached XP level 1. HP: 19/19 MP: 1/1
    84 | D:1      | Reached XP level 2. HP: 26/26 MP: 2/2
    93 | D:1      | Reached skill level 4 in Axes
   370 | D:1      | Reached XP level 3. HP: 28/31 MP: 3/3
   544 | D:2      | Found a basalt altar of Yredelemnul.
   640 | D:2      | Reached skill level 5 in Axes
  1169 | D:2      | Reached XP level 4. HP: 31/39 MP: 4/4
  1324 | D:3      | Reached skill level 6 in Axes
  1353 | D:3      | Found a white marble altar of Elyvilon.
  1375 | D:3      | Reached XP level 5. HP: 15/45 MP: 5/5
  1583 | D:3      | Reached skill level 7 in Axes
  1651 | D:3      | Killed from afar by an orc priest

Action                   |  1- 3 |  4- 6 || total
-------------------------+-------+-------++-------
Melee: War axe           |   144 |    55 ||   199
  Use: Scroll            |       |     7 ||     7
       Potion            |       |     1 ||     1
